[Event "January 2 Late 2024"]
[Site "https://www.chess.com"]
[Date "2024.01.02"]
[Round "4"]
[White "Rangel, Daniel"]
[Black "Krzyzanowski, Marcin"]
[Result "0-1"]
[Board "58"]
[TimeControl "180+1"]
[WhiteFideId "2124475"]
[BlackFideId "1132199"]
[WhiteElo "2537"]
[BlackElo "2782"]
[WhiteTeam "BRA"]
[BlackTeam "POL"]
[WhiteClock "0:00:00"]
[BlackClock "0:01:43"]

1. c4 e5 2. g3 Nf6 3. Bg2 d5 4. cxd5 Nxd5 5. Nf3 Nc6 6. O-O Nb6 7. b3 Be7 8. Bb2 Bf6 9. Na3 O-O 10. d3 Re8 11. Nc4 Nxc4 12. dxc4 e4 13. Qxd8 Nxd8 14. Bxf6 exf3 15. Bxd8 fxg2 16. Rfd1 Bh3 17. Bxc7 Rxe2 18. Bf4 Rae8 19. Be3 h5 20. Bxa7 Ra8 21. Be3 Raxa2 22. Rxa2 Rxa2 23. b4 Bg4 24. Rc1 Bf3 25. b5 Rb2 26. h3 f6 27. g4 h4 28. g5 Kf7 29. gxf6 gxf6 30. b6 Rb3 31. c5 Bc6 32. Kh2 Kg6 33. Kg1 Kf5 34. Kh2 Ke5 35. Kg1 f5 36. f4+ Ke4 37. Bf2 Kxf4 38. Bxh4 Rxh3 39. Kf2 Rxh4 0-1

[Event "January 2 Late 2024"]
[Site "https://www.chess.com"]
[Date "2024.01.02"]
[Round "4"]
[White "Martinez Reyes, Pedro Ramon"]
[Black "Goltsev, Dmitry"]
[Result "0-1"]
[Board "59"]
[TimeControl "180+1"]
[WhiteFideId "3901807"]
[BlackFideId "24176710"]
[WhiteElo "2536"]
[BlackElo "2775"]
[WhiteTeam "VEN"]
[BlackTeam "RUS"]
[WhiteClock "0:00:22"]
[BlackClock "0:01:35"]

1. c4 e5 2. g3 h5 3. Bg2 h4 4. Nc3 d6 5. d3 h3 6. Bf1 Nf6 7. Bg5 c6 8. Nf3 Be7 9. Qd2 Nbd7 10. O-O-O Nc5 11. Kb1 a5 12. e3 Bf5 13. Ka1 a4 14. e4 Bg4 15. Be2 Qa5 16. Kb1 b5 17. cxb5 cxb5 18. Bxf6 Bxf6 19. Nd5 Qxd2 20. Rxd2 Bd8 21. Rc1 Ba5 22. Rdc2 O-O 23. Nxe5 dxe5 24. Bxg4 Nxd3 25. Rd1 Nb4 26. Nxb4 Bxb4 27. Bxh3 Rfd8 28. Rxd8+ Rxd8 29. Bg4 g6 30. Rc8 Rxc8 31. Bxc8 Bc5 32. f3 b4 33. Kc2 a3 34. b3 Bg1 35. h3 Bh2 36. g4 Bg3 37. Kd3 Kg7 38. Kc4 Be1 39. Kd5 Kf6 40. g5+ Kxg5 41. Kxe5 Bc3+ 42. Kd6 Kf4 43. Ke7 f6 44. Kf7 Kxf3 45. Ke7 Kxe4 46. Kf7 g5 47. Kg6 Kd3 48. Bf5+ Kd2 0-1

[Event "January 2 Late 2024"]
[Site "https://www.chess.com"]
[Date "2024.01.02"]
[Round "4"]
[White "Pinheiro, Iung Alicio de O."]
[Black "Timmermans, Mark"]
[Result "0-1"]
[Board "60"]
[TimeControl "180+1"]
[WhiteFideId "2104350"]
[BlackFideId "1026399"]
[WhiteElo "2536"]
[BlackElo "2770"]
[WhiteTeam "BRA"]
[BlackTeam "NED"]
[WhiteClock "0:00:07"]
[BlackClock "0:01:17"]

1. d4 Nf6 2. Nf3 e6 3. e3 d5 4. Bd3 Be7 5. O-O O-O 6. b3 b6 7. Bb2 Bb7 8. Nbd2 Nbd7 9. Ne5 Ne4 10. Nxd7 Qxd7 11. Nxe4 dxe4 12. Bc4 b5 13. Be2 b4 14. f3 a5 15. a4 Rfd8 16. fxe4 Bxe4 17. Bf3 Qd5 18. Qe2 Bf6 19. Bxe4 Qxe4 20. Rf4 Qd5 21. Raf1 c5 22. Rxf6 gxf6 23. dxc5 e5 24. Qg4+ Kf8 25. Qh4 Ra6 26. h3 Qxc5 27. Rxf6 Rxf6 28. Qxf6 Qxe3+ 29. Kh2 Qf4+ 30. Qxf4 exf4 31. Be5 Rc8 32. Bxf4 Rxc2 33. Be3 Rc3 34. Bb6 Rxb3 35. Bxa5 Rb1 36. Bb6 b3 0-1

[Event "January 2 Late 2024"]
[Site "https://www.chess.com"]
[Date "2024.01.02"]
[Round "4"]
[White "Tristan, Leonardo"]
[Black "Silva, Kaua Marques"]
[Result "1-0"]
[Board "61"]
[TimeControl "180+1"]
[WhiteFideId "113816"]
[BlackFideId "22701168"]
[WhiteElo "2746"]
[BlackElo "2535"]
[WhiteTeam "ARG"]
[BlackTeam "BRA"]
[WhiteClock "0:01:53"]
[BlackClock "0:00:10"]

1. d4 Nf6 2. Nf3 e6 3. Bf4 c5 4. e3 Nc6 5. Nbd2 d5 6. c3 Bd6 7. Bg3 O-O 8. Bb5 Ne7 9. Bd3 b6 10. e4 dxe4 11. Nxe4 Nxe4 12. Bxe4 Rb8 13. dxc5 Bxg3 14. Qxd8 Rxd8 15. hxg3 f5 16. c6 Nd5 17. Bxd5 Rxd5 18. Rd1 Rxd1+ 19. Kxd1 b5 20. Kc2 e5 21. Nxe5 Be6 22. Rd1 Kf8 23. c7 Rc8 24. Rd8+ Ke7 25. Nc6+ 1-0

[Event "January 2 Late 2024"]
[Site "https://www.chess.com"]
[Date "2024.01.02"]
[Round "4"]
[White "Thomforde-Toates, Noah"]
[Black "Przybylski, Wojciech"]
[Result "0-1"]
[Board "62"]
[TimeControl "180+1"]
[WhiteFideId "30951992"]
[BlackFideId "1117599"]
[WhiteElo "2743"]
[BlackElo "2534"]
[WhiteTeam "USA"]
[BlackTeam "POL"]
[WhiteClock "0:01:35"]
[BlackClock "0:01:13"]

1. d4 Nf6 2. Nc3 d5 3. Bf4 c6 4. e3 Bf5 5. Bd3 Bg6 6. Nf3 Nbd7 7. Ne5 Bxd3 8. Qxd3 e6 9. Bg3 Qb6 10. O-O-O a5 11. f4 a4 12. f5 a3 13. b3 Bb4 14. Nxd7 Nxd7 15. fxe6 fxe6 16. e4 O-O 17. Ne2 Nf6 18. e5 Ne4 19. Rhf1 Bd2+ 20. Kb1 Bh6 21. Bf4 Bxf4 22. Rxf4 Rxf4 23. Nxf4 c5 24. dxc5 Qxc5 25. Nxe6 Qc3 26. Qd4 Re8 27. Nf4 Rxe5 28. Nxd5 Nd2+ 29. Kc1 Qxd4 30. Rxd2 Qa1# 0-1

[Event "January 2 Late 2024"]
[Site "https://www.chess.com"]
[Date "2024.01.02"]
[Round "4"]
[White "Novozhilov, Semen"]
[Black "Matta, Nicholas"]
[Result "0-1"]
[Board "63"]
[TimeControl "180+1"]
[WhiteFideId "24289167"]
[BlackFideId "30914523"]
[WhiteElo "2742"]
[BlackElo "2534"]
[WhiteTeam "RUS"]
[BlackTeam "USA"]
[WhiteClock "0:00:25"]
[BlackClock "0:00:17"]

1. d4 Nf6 2. Nf3 g6 3. Nc3 d5 4. Bf4 Bg7 5. Nb5 Na6 6. e3 O-O 7. Be2 c6 8. Nc3 Qb6 9. a3 Ne4 10. Nxe4 dxe4 11. Nd2 Qxb2 12. Nxe4 Bf5 13. Bd3 Bxe4 14. Bxe4 e5 15. dxe5 Rad8 16. Bd3 Qc3+ 17. Ke2 Nc5 18. Rb1 Bxe5 19. Bxe5 Qxe5 20. Qc1 Qg5 21. g3 Qh5+ 22. f3 Rfe8 23. Rb4 a5 24. Rh4 Qe5 25. Rd1 b5 26. e4 h5 27. Qf4 Nxd3 28. cxd3 Qb2+ 29. Rd2 Qxa3 30. g4 hxg4 31. Qxg4 Qc3 32. Qg5 Qe5 33. Qh6 Qg7 34. Qe3 a4 35. d4 b4 36. e5 c5 37. f4 cxd4 38. Rxd4 Rxd4 39. Qxd4 Qf6 40. Rh3 Qa6+ 41. Rd3 b3 42. Qd7 Rb8 43. Kd2 b2 44. Qc7 Qb6 45. Rd8+ Rxd8+ 0-1

[Event "January 2 Late 2024"]
[Site "https://www.chess.com"]
[Date "2024.01.02"]
[Round "4"]
[White "Ljukin, Sergei"]
[Black "Flores, Diego"]
[Result "0-1"]
[Board "64"]
[TimeControl "180+1"]
[WhiteFideId "14102200"]
[BlackFideId "108049"]
[WhiteElo "2533"]
[BlackElo "2742"]
[WhiteTeam "UKR"]
[BlackTeam "ARG"]
[WhiteClock "0:00:02"]
[BlackClock "0:00:26"]

1. e4 c5 2. Nf3 e6 3. d4 cxd4 4. Nxd4 a6 5. Bd3 Bc5 6. Nb3 Be7 7. Qg4 g6 8. Qg3 d6 9. Nc3 Nd7 10. Be3 b5 11. O-O Bb7 12. Rad1 h5 13. h3 h4 14. Qf3 Ngf6 15. a3 Rc8 16. Qe2 Qc7 17. Nd4 Qb8 18. Rfe1 Qa8 19. Bg5 Nh5 20. Bxe7 Kxe7 21. Qd2 Qa7 22. Nf3 Ne5 23. Nxe5 dxe5 24. Be2 Nf4 25. Qd6+ Kf6 26. Bf3 Rhd8 27. Qxd8+ Rxd8 28. Rxd8 Qc5 29. Red1 a5 30. R1d7 Bc8 31. Rd6 Ke7 32. Rd2 b4 33. axb4 axb4 34. Na4 Qc7 35. b3 Kf6 36. Nb6 Qxb6 37. Rxc8 Qa7 38. Rcd8 Qa1+ 39. Kh2 Qe1 40. R8d7 Kg5 41. R7d6 f5 42. Rd1 Qxf2 43. Rxe6 Nxe6 44. exf5 gxf5 0-1

[Event "January 2 Late 2024"]
[Site "https://www.chess.com"]
[Date "2024.01.02"]
[Round "4"]
[White "Daggupati, Balaji"]
[Black "Kruckenhauser, Arthur"]
[Result "1-0"]
[Board "65"]
[TimeControl "180+1"]
[WhiteFideId "2090759"]
[BlackFideId "1642812"]
[WhiteElo "2739"]
[BlackElo "2532"]
[WhiteTeam "USA"]
[BlackTeam "AUT"]
[WhiteClock "0:01:34"]
[BlackClock "0:00:37"]

1. e4 c5 2. Nf3 d6 3. d4 cxd4 4. Nxd4 Nf6 5. Nc3 g6 6. Be3 Bg7 7. f3 O-O 8. Qd2 Nc6 9. O-O-O d5 10. Qe1 e5 11. Nxc6 bxc6 12. exd5 Nxd5 13. Bc4 Be6 14. Kb1 Qc7 15. Ne4 h6 16. Bc5 Rfd8 17. g4 f5 18. gxf5 gxf5 19. Ng3 Rab8 20. Nh5 Bh8 21. Rg1+ Kh7 22. Bb3 Qf7 23. Qh4 a5 24. Bb6 Rxb6 25. Qxd8 e4 26. fxe4 fxe4 27. Rxd5 Bxd5 28. Qxb6 Qxh5 29. Bxd5 Qe5 30. Qb7+ Bg7 31. Bxe4+ 1-0

[Event "January 2 Late 2024"]
[Site "https://www.chess.com"]
[Date "2024.01.02"]
[Round "4"]
[White "Bold, Andre"]
[Black "Korchmar, Vasiliy"]
[Result "0-1"]
[Board "66"]
[TimeControl "180+1"]
[WhiteFideId "16208471"]
[BlackFideId "24131750"]
[WhiteElo "2525"]
[BlackElo "2737"]
[WhiteTeam "GER"]
[BlackTeam "RUS"]
[WhiteClock "0:00:03"]
[BlackClock "0:00:38"]

1. d4 Nf6 2. Nf3 d5 3. c3 c5 4. e3 Nbd7 5. Nbd2 g6 6. Bd3 Qc7 7. O-O Bg7 8. Re1 O-O 9. e4 dxe4 10. Nxe4 cxd4 11. Nxd4 Nxe4 12. Bxe4 Nc5 13. Bc2 e5 14. Nb5 Qc6 15. a4 Be6 16. Qd6 Rfc8 17. Qxc6 Rxc6 18. Be3 a6 19. Na3 f5 20. Rad1 e4 21. Bd4 Bh6 22. Be3 Bg7 23. Bd4 Bf8 24. Nb1 Nb3 25. Be5 Re8 26. Nd2 Nc5 27. Bd4 Bf7 28. b4 Ne6 29. Be5 Bxb4 30. cxb4 Rxc2 31. Nf1 Rc4 32. Rd7 Rxb4 33. a5 Nc5 34. Bd6 Rd4 35. Rc7 Ne6 36. Bc5 Rc4 37. Ne3 Rxc5 0-1

[Event "January 2 Late 2024"]
[Site "https://www.chess.com"]
[Date "2024.01.02"]
[Round "4"]
[White "Weisz, Bryan"]
[Black "Msellek, Ilyass"]
[Result "0-1"]
[Board "67"]
[TimeControl "180+1"]
[WhiteFideId "30934133"]
[BlackFideId "675938"]
[WhiteElo "2523"]
[BlackElo "2735"]
[WhiteTeam "USA"]
[BlackTeam "MAR"]
[WhiteClock "0:00:42"]
[BlackClock "0:01:54"]

1. d4 Nf6 2. c4 g6 3. Nc3 Bg7 4. f3 O-O 5. e4 d6 6. Bg5 c5 7. d5 a6 8. Qd2 b5 9. cxb5 axb5 10. Bxb5 Ba6 11. h4 Nbd7 12. Bxa6 Rxa6 13. h5 c4 14. Bh6 Qb6 15. Bxg7 Kxg7 16. hxg6 fxg6 17. e5 Nxe5 18. Qh6+ Kg8 19. Ne4 Nd3+ 20. Kf1 Rf7 21. Nxf6+ exf6 22. Nh3 Qxb2 23. Rd1 Rxa2 24. Qe3 Qxg2# 0-1

[Event "January 2 Late 2024"]
[Site "https://www.chess.com"]
[Date "2024.01.02"]
[Round "4"]
[White "Rastbod, Ali"]
[Black "Leenhouts, Koen"]
[Result "1/2-1/2"]
[Board "68"]
[TimeControl "180+1"]
[WhiteFideId "12567477"]
[BlackFideId "1008439"]
[WhiteElo "2722"]
[BlackElo "2523"]
[WhiteTeam "IRI"]
[BlackTeam "NED"]
[WhiteClock "0:00:12"]
[BlackClock "0:00:09"]

1. e4 e6 2. d4 d5 3. Bd3 c5 4. exd5 exd5 5. Nf3 c4 6. Be2 Nf6 7. b3 cxb3 8. axb3 Bd6 9. O-O O-O 10. c4 h6 11. Nc3 Nc6 12. h3 Bf5 13. Bd3 Qd7 14. Bxf5 Qxf5 15. Ba3 Bxa3 16. Rxa3 Rad8 17. c5 Ne4 18. Na2 Rfe8 19. b4 a6 20. Qd3 Re6 21. b5 axb5 22. Qxb5 Rd7 23. Nb4 Kh7 24. Nxc6 bxc6 25. Qb8 Rde7 26. Ra8 Re8 27. Qxe8 Rxe8 28. Rxe8 f6 29. Ra1 Qf4 30. Re6 Nd2 31. Nxd2 Qxd2 32. Rxc6 Qxd4 33. Rf1 Qc3 34. Rc8 d4 35. c6 d3 36. c7 d2 37. Rd8 Qxc7 38. Rxd2 Qc3 39. Rfd1 h5 40. Rd3 Qc2 41. Rd5 Kh6 42. R5d2 Qc3 43. h4 Qb4 44. g3 Qb6 45. Kh2 Qc5 46. Rd4 Qc2 47. R1d2 Qf5 48. Rf4 Qc5 49. Rd3 Qe5 50. Re3 Qc5 51. Ref3 Qc1 52. Kg2 Qe1 53. Re3 Qc1 54. Kh2 Qc6 55. Rfe4 Qc1 56. Re2 Qf1 57. Re8 Kg6 58. Ra2 Kf7 59. Re3 Kg6 60. f3 Kh6 61. Rea3 Kg6 62. Rb2 Kh6 63. Rba2 Kg6 64. Re3 Kh6 65. Rg2 Kg6 66. g4 hxg4 67. fxg4 Qf4+ 68. Reg3 Kh6 69. Kh3 g5 70. hxg5+ Kxg5 71. Rg1 Qf2 72. R1g2 Qf1 73. Kh2 Kg6 74. Rh3 Qe1 75. g5 f5 76. Rh6+ Kg7 77. Rh3 Qe5+ 78. Kg1 Qd4+ 79. Rf2 Qg4+ 80. Kh2 Qe4 81. Rg3 Kg6 82. Kg1 Qe1+ 83. Kg2 Qe4+ 84. Rgf3 Qg4+ 85. Kf1 Qc4+ 86. Kg1 Qg4+ 87. Kh2 Qh4+ 88. Kg2 Qg4+ 89. Rg3 Qe4+ 90. Kg1 Qd4 91. Kf1 Qd1+ 92. Kg2 Qd5+ 93. Rgf3 Qe4 94. Kf1 Qc4+ 95. Ke1 Qe4+ 96. Kd2 Qd4+ 97. Kc2 Qc4+ 98. Kb2 Qb4+ 99. Ka1 Qa4+ 100. Kb1 Qb4+ 101. Kc1 Qc4+ 102. Kd1 Qd4+ 103. Ke1 Qe4+ 104. Kf1 Qc4+ 1/2-1/2

[Event "January 2 Late 2024"]
[Site "https://www.chess.com"]
[Date "2024.01.02"]
[Round "4"]
[White "Koellner, Ruben Gideon"]
[Black "Baches Garcia, Guillermo"]
[Result "1-0"]
[Board "69"]
[TimeControl "180+1"]
[WhiteFideId "12993093"]
[BlackFideId "2209764"]
[WhiteElo "2722"]
[BlackElo "2522"]
[WhiteTeam "GER"]
[BlackTeam "ESP"]
[WhiteClock "0:00:29"]
[BlackClock "0:00:00"]

1. d4 d5 2. Nf3 e6 3. Nbd2 c5 4. e3 Nf6 5. c3 b6 6. Ne5 a6 7. f4 Bd6 8. Bd3 Bb7 9. Qf3 Nbd7 10. O-O Qc7 11. a4 O-O 12. g3 Ne8 13. Qh5 g6 14. Qh3 Ng7 15. g4 f5 16. Ndf3 b5 17. axb5 axb5 18. Rxa8 Bxa8 19. Bxb5 Nxe5 20. Nxe5 Bxe5 21. fxe5 c4 22. Ba4 Bc6 23. Bc2 Qd7 24. Qg2 Ba4 25. Bb1 fxg4 26. Rxf8+ Kxf8 27. Qxg4 Qf7 28. e4 h5 29. Qf4 Qxf4 30. Bxf4 Bc6 31. exd5 Bxd5 32. Bxg6 h4 33. Bh6 Kg8 34. Bxg7 Kxg7 35. Bc2 Kh6 36. Kf2 Kg5 37. Bd1 Kf4 38. Bh5 Bc6 39. Bd1 Bd5 40. Be2 Kg5 41. Ke3 h3 42. Bf3 1-0

[Event "January 2 Late 2024"]
[Site "https://www.chess.com"]
[Date "2024.01.02"]
[Round "4"]
[White "Osmak, Yuliia"]
[Black "Yarar, Bora"]
[Result "0-1"]
[Board "70"]
[TimeControl "180+1"]
[WhiteFideId "14101602"]
[BlackFideId "34588400"]
[WhiteElo "2522"]
[BlackElo "2722"]
[WhiteTeam "UKR"]
[BlackTeam "TUR"]
[WhiteClock "0:00:05"]
[BlackClock "0:00:57"]

1. e4 e6 2. d4 d5 3. exd5 exd5 4. Nf3 Nc6 5. Bd3 Bg4 6. c3 Bd6 7. O-O Nge7 8. Re1 Qd7 9. Nbd2 O-O-O 10. b4 Ng6 11. b5 Nce7 12. Qa4 Kb8 13. Ne5 Bxe5 14. dxe5 f6 15. exf6 gxf6 16. Nb3 Ne5 17. Nc5 Qd6 18. Be3 Nc8 19. Bf1 Rhg8 20. Kh1 Nb6 21. Qf4 Bc8 22. Bd4 Rde8 23. a4 Rg4 24. Qh6 Rg6 25. Qxh7 Rgg8 26. a5 Rh8 27. Bxe5 fxe5 28. Qc2 e4 29. g3 Qxc5 30. axb6 Qxb6 31. Ra4 Ref8 32. Kg1 Rxh2 33. Re3 Qxe3 34. fxe3 Rxc2 0-1

[Event "January 2 Late 2024"]
[Site "https://www.chess.com"]
[Date "2024.01.02"]
[Round "4"]
[White "Ferreira, Vitor Hugo Vieira"]
[Black "Carlsson, Ludvig"]
[Result "1-0"]
[Board "71"]
[TimeControl "180+1"]
[WhiteFideId "2119765"]
[BlackFideId "1727010"]
[WhiteElo "2521"]
[BlackElo "2719"]
[WhiteTeam "BRA"]
[BlackTeam "SWE"]
[WhiteClock "0:01:17"]
[BlackClock "0:01:33"]

1. c4 e5 2. g3 Nf6 3. Bg2 d5 4. cxd5 Nxd5 5. Nf3 Nc6 6. O-O Nf6 7. Nc3 h6 8. e3 Bd6 9. d4 O-O 10. b3 Bg4 11. h3 Bxf3 12. Bxf3 exd4 13. exd4 Rb8 14. Nb5 a6 15. Nxd6 Qxd6 16. Bf4 Qxd4 17. Bxc7 Rbc8 18. Bxc6 Qxd1 19. Rfxd1 Rxc7 20. Bf3 Rfc8 21. Rd6 a5 22. Rad1 Kh7 23. Rb6 Rc1 24. Rxc1 Rxc1+ 25. Kg2 Rc2 26. a4 Rc7 27. Rxb7 Rxb7 28. Bxb7 Kg8 29. Kf3 Kf8 30. Ke3 Ke7 31. Kd4 Kd6 32. Kc4 Kc7 33. Bd5 Kb6 34. f3 Nh5 35. g4 Nf4 36. h4 f6 37. Be4 g5 38. h5 Ne6 39. Kd5 Nf4+ 40. Kd6 Ne2 41. Ke7 Nd4 42. Kxf6 Ne6 43. Kxe6 1-0

[Event "January 2 Late 2024"]
[Site "https://www.chess.com"]
[Date "2024.01.02"]
[Round "4"]
[White "Dyachuk, Artem"]
[Black "xakevicius91"]
[Result "1-0"]
[Board "72"]
[TimeControl "180+1"]
[WhiteFideId "34107924"]
[WhiteElo "2717"]
[BlackElo "2520"]
[WhiteTeam "UKR"]
[WhiteClock "0:00:04"]
[BlackClock "0:00:04"]

1. e4 c5 2. Nf3 a6 3. d4 cxd4 4. Nxd4 Nf6 5. Nc3 e5 6. Nb3 Bb4 7. Bd2 O-O 8. Bd3 Nc6 9. O-O Bxc3 10. Bxc3 d6 11. f4 b5 12. fxe5 dxe5 13. Qe1 Kh8 14. Rd1 Qe7 15. Kh1 Be6 16. Bd2 h6 17. Be3 Bxb3 18. axb3 Rfd8 19. Qc3 Nd4 20. Bxd4 Rxd4 21. Rde1 Qd6 22. Rf5 b4 23. Qd2 Nxe4 24. Qe3 Nc5 25. Bc4 f6 26. Qf3 Rd8 27. Rf1 Ne4 28. Rh5 Nd2 29. Qe3 Nxc4 30. bxc4 Kh7 31. b3 Rd1 32. Rf5 Rxf1+ 33. Rxf1 Qd4 34. Qf3 Qc3 35. Qe4+ Kh8 36. h3 Qd4 37. Qxd4 Rxd4 38. Ra1 Rd2 39. Rxa6 Rxc2 40. Rb6 e4 41. Rxb4 e3 42. Rb8+ Kh7 43. Kh2 Rc3 44. Kg3 Rc2 45. Kf3 e2 46. Kf2 f5 47. Re8 g5 48. Rxe2 Rc3 49. Rb2 Kg6 50. b4 Rxc4 51. b5 Rc7 52. b6 Rb7 53. Ke3 h5 54. Kd4 Kf6 55. Kd5 f4 56. Kc6 Rb8 57. Kc7 Rh8 58. b7 g4 59. Kd6 Rb8 60. Kc7 Rxb7+ 61. Kxb7 Kg5 62. Kc6 Kh4 63. Kd5 Kg3 64. Ke4 f3 65. gxf3 gxh3 66. f4 h2 67. Rb1 h1=Q+ 68. Rxh1 h4 69. f5 1-0

[Event "January 2 Late 2024"]
[Site "https://www.chess.com"]
[Date "2024.01.02"]
[Round "4"]
[White "Jimenez Almeida, Luis David"]
[Black "Schnaider, Ilan"]
[Result "0-1"]
[Board "73"]
[TimeControl "180+1"]
[WhiteFideId "22242244"]
[BlackFideId "169013"]
[WhiteElo "2519"]
[BlackElo "2717"]
[WhiteTeam "ESP"]
[BlackTeam "ARG"]
[WhiteClock "0:00:14"]
[BlackClock "0:01:12"]

1. e4 c5 2. Nc3 d6 3. Nge2 Nf6 4. d4 cxd4 5. Nxd4 a6 6. Bg5 e6 7. f4 Be7 8. Qf3 Qc7 9. O-O-O Nbd7 10. g4 h6 11. Bxf6 Bxf6 12. h4 Nb6 13. Bg2 Bd7 14. Nde2 O-O-O 15. g5 Be7 16. Kb1 Bc6 17. Nd4 Kb8 18. Nxc6+ Qxc6 19. Qf2 Nc4 20. f5 hxg5 21. fxe6 fxe6 22. hxg5 Bxg5 23. Rxh8 Rxh8 24. Qg3 Bf6 25. Rd3 Qb6 26. Nd1 Bxb2 27. Rb3 Qd4 28. Qd3 Nd2+ 0-1

[Event "January 2 Late 2024"]
[Site "https://www.chess.com"]
[Date "2024.01.02"]
[Round "4"]
[White "Rakitin, Daniil"]
[Black "Makaraci, Tunahan"]
[Result "1-0"]
[Board "74"]
[TimeControl "180+1"]
[WhiteFideId "24219762"]
[BlackFideId "6356559"]
[WhiteElo "2712"]
[BlackElo "2519"]
[WhiteTeam "RUS"]
[BlackTeam "TUR"]
[WhiteClock "0:00:06"]
[BlackClock "0:00:00"]

1. e4 c5 2. Nf3 Nc6 3. Bb5 d6 4. O-O Bd7 5. Re1 Nf6 6. c3 a6 7. Bf1 Bg4 8. h3 Bxf3 9. Qxf3 e6 10. Rd1 d5 11. exd5 Nxd5 12. Na3 Be7 13. Nc2 O-O 14. d4 cxd4 15. Nxd4 Nxd4 16. Rxd4 Bf6 17. Rd1 Qc7 18. Bd3 Rad8 19. Be4 Qc4 20. Bd2 b5 21. Bd3 Qc5 22. Qe4 g6 23. Rac1 Bg7 24. Qf3 Nb6 25. b3 Rd7 26. Be3 Qc7 27. c4 bxc4 28. Bxc4 Rxd1+ 29. Qxd1 Nxc4 30. Rxc4 Qb7 31. Qd6 h5 32. Qc6 Qb5 33. Qxb5 axb5 34. Rb4 Ra8 35. a4 bxa4 36. bxa4 Bc3 37. Rc4 Ba5 38. Kf1 Kf8 39. Bg5 Ke8 40. Rd4 Bb6 41. Rf4 Ra5 42. h4 Bc7 43. Rd4 e5 44. Rb4 Kd7 45. Ke2 Kc6 46. Kd3 Bd6 47. Rc4+ Kd5 48. f3 f5 49. Be3 Ra8 50. Bb6 Rb8 51. a5 Ra8 52. Ra4 Ra6 53. Rc4 e4+ 54. fxe4+ fxe4+ 55. Rxe4 Ra8 56. Rd4+ Ke6 57. Rc4 Kd5 58. Rd4+ Ke6 59. g4 Rf8 60. gxh5 gxh5 61. Kc4 Rc8+ 62. Kb5 Rc1 63. Rc4 Rb1+ 64. Kc6 Ra1 65. Kb7 Kd7 66. a6 1-0

[Event "January 2 Late 2024"]
[Site "https://www.chess.com"]
[Date "2024.01.02"]
[Round "4"]
[White "Estrada Nieto, Julian"]
[Black "Hamidi, Amir Mohammad"]
[Result "1-0"]
[Board "75"]
[TimeControl "180+1"]
[WhiteFideId "5101018"]
[BlackFideId "12563285"]
[WhiteElo "2518"]
[BlackElo "2708"]
[WhiteTeam "ESP"]
[BlackTeam "IRI"]
[WhiteClock "0:00:06"]
[BlackClock "0:00:00"]

1. e4 c5 2. Nf3 Nc6 3. Bb5 d5 4. exd5 Qxd5 5. Nc3 Qe6+ 6. Ne2 a6 7. Bxc6+ Qxc6 8. O-O Nf6 9. d4 e6 10. c4 cxd4 11. Qxd4 Bc5 12. Qd3 O-O 13. Ng3 b6 14. Ne5 Qc7 15. Re1 Rd8 16. Qe2 Bb7 17. Bg5 Be7 18. f3 h6 19. Bf4 Bc5+ 20. Kh1 Rd4 21. Bd2 Bd6 22. Bc3 Bxe5 23. Qxe5 Qxe5 24. Rxe5 Rxc4 25. Rd1 Rcc8 26. Ree1 Rd8 27. Bd4 Nd5 28. Ne4 Rac8 29. Nc3 b5 30. Kg1 b4 31. Ne4 Rc2 32. Nc5 Ba8 33. Nxa6 Nf4 34. Nxb4 Rxg2+ 35. Kf1 Bxf3 36. Rc1 Rxd4 37. Rc3 Ba8 38. Nc2 Rdd2 39. Rc8+ 1-0

[Event "January 2 Late 2024"]
[Site "https://www.chess.com"]
[Date "2024.01.02"]
[Round "4"]
[White "Onyshchuk, Volodymyr"]
[Black "Gaal, Zsoka"]
[Result "1-0"]
[Board "76"]
[TimeControl "180+1"]
[WhiteFideId "14114038"]
[BlackFideId "777765"]
[WhiteElo "2703"]
[BlackElo "2516"]
[WhiteTeam "UKR"]
[BlackTeam "HUN"]
[WhiteClock "0:00:53"]
[BlackClock "0:00:02"]

1. e4 c6 2. d4 d5 3. e5 g6 4. f4 h5 5. Nf3 Bg4 6. Be3 e6 7. h3 Bxf3 8. Qxf3 h4 9. Bd3 c5 10. dxc5 Nc6 11. O-O Qa5 12. c4 d4 13. Bd2 Qxc5 14. b4 Nxb4 15. Qxb7 Qc6 16. Qxc6+ Nxc6 17. c5 Rb8 18. a4 Nge7 19. Na3 Nd5 20. Nb5 Be7 21. Nd6+ Bxd6 22. cxd6 O-O 23. Bb5 Ncb4 24. Rfc1 a6 25. Bc6 Nxc6 26. Rxc6 Rfc8 27. Rxc8+ Rxc8 28. Ba5 d3 29. d7 Rb8 30. d8=Q+ Rxd8 31. Bxd8 Nc3 32. Ba5 1-0

[Event "January 2 Late 2024"]
[Site "https://www.chess.com"]
[Date "2024.01.02"]
[Round "4"]
[White "Gasparyan, David"]
[Black "Cardoso Cardoso, Jose Gabriel"]
[Result "0-1"]
[Board "77"]
[TimeControl "180+1"]
[WhiteFideId "13311980"]
[BlackFideId "4430492"]
[WhiteElo "2515"]
[BlackElo "2703"]
[WhiteTeam "USA"]
[BlackTeam "COL"]
[WhiteClock "0:00:01"]
[BlackClock "0:00:20"]

1. e4 c5 2. Nc3 a6 3. Nf3 e6 4. a4 Nc6 5. Be2 Nd4 6. O-O g5 7. Ne1 h5 8. d3 g4 9. Bf4 Bh6 10. Be5 f6 11. Bg3 Ne7 12. f4 b6 13. Rb1 Bb7 14. b4 Qc8 15. bxc5 Qxc5 16. Kh1 Qxc3 17. Rxb6 Bc6 18. Bh4 Kf7 19. h3 Qc5 20. Rb1 Ng6 21. Bf2 Nxf4 22. Be3 Nfxe2 23. Qxe2 Nxe2 24. Bxc5 Ng3+ 25. Kg1 Nxf1 26. Kxf1 gxh3 27. gxh3 Rab8 28. Ra1 d5 29. exd5 Bxd5 30. Ke2 Rhg8 31. a5 Rg3 32. Bd6 Re3+ 33. Kf2 Rg8 34. Ra4 Rxh3 35. Rb4 Bd2 36. Rb6 Be3+ 37. Ke2 Bxb6 38. axb6 h4 39. c4 Bc6 40. d4 Rb3 41. c5 h3 42. Nd3 Bb5 43. c6 Bxd3+ 44. Kf2 Be4 0-1

[Event "January 2 Late 2024"]
[Site "https://www.chess.com"]
[Date "2024.01.02"]
[Round "4"]
[White "Martinez Ramirez, Lennis"]
[Black "Salazar Farias, Luis German"]
[Result "1-0"]
[Board "78"]
[TimeControl "180+1"]
[WhiteFideId "3509079"]
[BlackFideId "3902170"]
[WhiteElo "2700"]
[BlackElo "2515"]
[WhiteTeam "CUB"]
[BlackTeam "VEN"]
[WhiteClock "0:00:04"]
[BlackClock "0:00:00"]

1. d4 Nf6 2. Nf3 d5 3. Bf4 c5 4. e3 Nc6 5. Nc3 Bg4 6. Be2 e6 7. h3 Bh5 8. O-O Bd6 9. Bxd6 Qxd6 10. Nb5 Qe7 11. dxc5 Ne4 12. c4 Rd8 13. cxd5 Rxd5 14. Nfd4 Bxe2 15. Qxe2 Rxc5 16. Rac1 O-O 17. Nxc6 bxc6 18. Nd4 Rxc1 19. Rxc1 c5 20. Nb5 Rb8 21. Na3 Rd8 22. Nc4 h6 23. Qc2 Nf6 24. b3 Rd5 25. Na5 Qd7 26. Nc4 Qb5 27. g3 Qb4 28. h4 Nd7 29. Rd1 Nb6 30. Rxd5 exd5 31. Ne5 d4 32. Qf5 Qe1+ 33. Kg2 f6 34. Qe6+ Kh7 35. Qf5+ Kg8 36. Qe6+ Kh7 37. Nf3 Qb1 38. exd4 cxd4 39. Nxd4 Qxa2 40. Qf5+ Kg8 41. Qe6+ Kh7 42. Nf5 Qc2 43. g4 1-0

[Event "January 2 Late 2024"]
[Site "https://www.chess.com"]
[Date "2024.01.02"]
[Round "4"]
[White "Tifferet, Shakked"]
[Black "Nazari, Arad"]
[Result "1/2-1/2"]
[Board "79"]
[TimeControl "180+1"]
[WhiteFideId "2811529"]
[BlackFideId "12577324"]
[WhiteElo "2512"]
[BlackElo "2698"]
[WhiteTeam "ISR"]
[BlackTeam "IRI"]
[WhiteClock "0:00:08"]
[BlackClock "0:00:06"]

1. c4 e5 2. b3 c5 3. Bb2 Nc6 4. e3 g6 5. Nc3 Bg7 6. g3 Nge7 7. Bg2 O-O 8. Nge2 d6 9. O-O Be6 10. a3 Qd7 11. Re1 Bh3 12. Bh1 h5 13. Nd5 Nxd5 14. Bxd5 h4 15. Rb1 Ne7 16. Bh1 Rab8 17. d4 exd4 18. exd4 Bf5 19. Rc1 Nc6 20. Qd2 Rbd8 21. dxc5 dxc5 22. Qxd7 Rxd7 23. Bxg7 Kxg7 24. Bxc6 bxc6 25. Red1 Rxd1+ 26. Rxd1 Bc2 27. Rd6 Re8 28. Nf4 Re1+ 29. Kg2 Ra1 30. gxh4 Rxa3 31. h5 g5 32. h6+ Kh7 33. Nh5 Rxb3 34. Nf6+ Kxh6 35. Rxc6 Bg6 36. Rxc5 Kg7 37. Ng4 Be4+ 38. Kf1 Bf3 39. Rxg5+ Kh7 40. Ke1 f5 41. Nf6+ Kh6 42. h4 Rd3 43. Ng8+ Kh7 44. Nf6+ Kh6 45. Ng8+ Kh7 46. Nf6+ Kh6 1/2-1/2